 Dungeon Crawl Stone Soup version 0.16.2-12-gd0ad4c3 (webtiles) character file.

15752 faibistes the Thaumaturge (level 12, 0/64 HPs)
             Began as a Deep Elf Wizard on Dec 19, 2017.
             Was the Champion of Sif Muna.
             Slain by a komodo dragon (33 damage)
             ... on level 3 of the Lair of Beasts.
             The game lasted 00:58:58 (15653 turns).

faibistes the Thaumaturge (Deep Elf Wizard)        Turns: 15653, Time: 00:58:59

Health: 0/64       AC:  6    Str:  4    XL:     12   Next: 4%
Magic:  22/34      EV: 16    Int: 31    God:    Sif Muna [******]
Gold:   529        SH:  0    Dex: 13    Spells: 10 memorised, 3 levels left

rFire  . . .     SeeInvis .     w - +2 dagger (venom)
rCold  . . .     Clarity  .     a - +0 robe
rNeg   . . .     SustAb   .     (no shield)
rPois  .         Gourm    .     b - +1 hat
rElec  .         Spirit   .     (no cloak)
rCorr  .         Warding  .     (no gloves)
rMut   .         Stasis   .     M - +2 pair of boots
MR     ++...                    (no amulet)
Stlth  ++........               t - +2 ring of intelligence
                                l - ring of protection from magic

@: repel missiles, very resistant to hostile enchantments, unstealthy
A: no striking features
a: Channel Energy, Forget Spell, Renounce Religion


You were on level 3 of the Lair of Beasts.
You worshipped Sif Muna.
Sif Muna was exalted by your worship.
You were not hungry.

You visited 3 branches of the dungeon, and saw 14 of its levels.

You collected 529 gold pieces.

Inventory:

Hand weapons
 g - a +0 dagger
 w - a +2 dagger of venom (weapon)
 F - a +2 short sword of venom
 H - a cursed +2 short sword of speed
Armour
 a - a +0 robe (worn)
 b - a +1 hat (worn)
 M - a +2 pair of boots (worn)
Jewellery
 l - a ring of protection from magic (left hand)
 t - a +2 ring of intelligence (right hand)
 E - an uncursed ring of sustain abilities
 P - an uncursed ring of flight
Magical devices
 p - a wand of teleportation (4)
 r - a wand of paralysis (5)
 s - a wand of paralysis (8)
 y - a wand of cold (9)
Scrolls
 e - a scroll of magic mapping
 f - 3 scrolls of teleportation
 j - 5 scrolls of amnesia
 m - 3 scrolls of remove curse
 n - 2 scrolls of recharging
Potions
 h - 3 potions of restore abilities
 i - a potion of berserk rage
 k - 4 potions of curing
 o - a potion of cure mutation
 q - a potion of might
 x - 2 potions of resistance
 A - a potion of brilliance {unknown}
 D - a potion of mutation {unknown}
 G - a potion of agility {unknown}
 L - a potion of heal wounds {unknown}
 N - a potion of lignification {unknown}
 O - a potion of haste {unknown}
Books
 c - Sif Muna's Reference Book on Virous Battle Magic
   (Sif Muna gifted it to you on level 1 of the Lair of Beasts)

   Spells                             Type                      Level
   a - Sting                          Conjuration/Poison           1
   b - Searing Ray                    Conjuration                  2
   c - Venom Bolt                     Conjuration/Poison           5
   d - Lehudib's Crystal Spear        Conjuration/Earth            8
 z - a book of Party Tricks

   Spells                             Type                      Level
   a - Summon Butterflies             Summoning                    1
   b - Apportation                    Translocation                1
   c - Tukima's Dance                 Hexes                        3
   d - Alistair's Intoxication        Transmutation/Poison         4
   e - Invisibility                   Hexes                        6
Comestibles
 d - 6 bread rations
 u - 5 meat rations
 v - 5 slices of pizza
 B - 9 chunks of flesh
 J - a royal jelly


   Skills:
 + Level 3.4 Fighting
 + Level 8.1 Dodging
 - Level 2.4 Stealth
 * Level 12.0 Spellcasting
 + Level 7.5 Conjurations
 + Level 5.9 Charms
 - Level 4.1 Summonings
 + Level 4.7 Translocations
 + Level 7.4 Fire Magic
 - Level 5.2 Air Magic
 * Level 1.8 Earth Magic
 - Level 2.9 Poison Magic
 * Level 6.4 Invocations
 + Level 4.8 Evocations


You had 3 spell levels left.
You knew the following spells:

 Your Spells              Type           Power        Failure   Level  Hunger
a - Magic Dart            Conj           ####         1%          1    None
b - Conjure Flame         Conj/Fire      ######..     1%          3    None
c - Call Imp              Summ           #####...     1%          2    None
d - Blink                 Tloc           N/A          1%          2    None
e - Mephitic Cloud        Conj/Pois/Air  ######..     1%          3    None
f - Repel Missiles        Chrm/Air       ######       1%          2    None
g - Shroud of Golubria    Chrm/Tloc      ######....   1%          2    None
i - Lehudib's Crystal Sp  Conj/Erth      #####.....   100%        8    #######
l - Airstrike             Air            ######....   3%          4    None
v - Venom Bolt            Conj/Pois      ######....   12%         5    ##.....


Dungeon Overview and Level Annotations

Branches:
Dungeon (10/15)            Temple (1/1) D:7            Lair (3/8) D:9
  Swamp: Lair:3-6    Shoals: Lair:3-6     Snake: Lair:3-6    Spider: Lair:3-6
    Orc: D:9-12

Altars:
Ashenzari
Cheibriados
Dithmenos
Elyvilon
Fedhas
Gozag
Kikubaaqudgha
Makhleb
Nemelex Xobeh
Okawaru
Qazlal
Ru
Sif Muna
Trog
Vehumet
Xom
Yredelemnul
Zin
The Shining One

Shops:
D:7 [


Message History

Casting: Conjure Flame
Confirm with . or Enter, or press ? or * to list all spells.
Aiming: Venom Bolt
Press: ? - help, Shift-Dir - straight line, f - komodo dragon
Aim: a komodo dragon (flame, lightly wounded)
You miscast Venom Bolt.
Sif Muna protects you from the effects of your miscast!
The komodo dragon is engulfed in roaring flames.
The komodo dragon barely misses you.
You hit the komodo dragon.
The komodo dragon is poisoned.
The komodo dragon is heavily wounded.
The komodo dragon is engulfed in roaring flames.
The komodo dragon bites you!!
Casting: Venom Bolt
Confirm with . or Enter, or press ? or * to list all spells.
Space distorts slightly along a thin shroud covering your body.
The komodo dragon is engulfed in roaring flames.
The komodo dragon bites you!!
Ouch! That really hurt!
You die...

# .# . ###..##
..
.P.#####......#
..#
.....?ยง.......#
#...# #l@#
..#.## ##.#
.....# #.#
.....# ... 8..#
. .P# ...#...
..P# ...#....
..## ........
#.. 8..#..## .


You could see a komodo dragon.

Vanquished Creatures
  A black mamba (Lair:1)
  A spiny frog (Lair:3)
  The ghost of faibistes the Magician, an experienced DEWz (D:5)
  Prince Ribbit (D:6)
  A basilisk (Lair:3)
  A wyvern (D:8)
  A deep elf mage (D:9)
  2 humans (D:6)
  9 yaks
  A hippogriff (Lair:1)
  11 wolves
  4 porcupines
  7 water moccasins
  A black bear (D:6)
  An eye of draining (D:7)
  5 orc warriors
  A phantom (D:9)
  An ice beast (D:6)
  2 ogres
  A centaur (D:8)
  2 big kobolds
  8 giant frogs
  3 scorpions
  A goliath beetle (D:6)
  A quasit (D:6)
  12 hounds
  2 crimson imps
  5 orc priests
  3 centaur skeletons
  A giant frog skeleton (D:4)
  3 iguanas
  8 orc wizards
  Natasha (D:3)
  7 worker ants
  7 sheep (Lair:1)
  Terence (D:2)
  2 mummies (D:8)
  13 adders
  A giant mite (D:9)
  A shadow imp (D:7)
  4 worms
  5 giant geckos
  2 oozes
  42 orcs
  14 bats
  2 bat skeletons
  A bat zombie (D:6)
  5 giant cockroaches
  16 goblins
  8 hobgoblins
  27 kobolds
  3 quokkas
  A ball python (D:2)
  A giant gecko skeleton (D:4)
  3 giant newts
  10 jackals
  20 rats
  2 plants (Lair:2)
301 creatures vanquished.

Vanquished Creatures (collateral kills)
  2 adders (D:3)
  A goblin (D:3)
3 creatures vanquished.

Vanquished Creatures (others)
  An orc priest (D:9)
  2 white imps
  5 fungi (Lair:2)
  2 plants (Lair:2)
10 creatures vanquished.

Grand Total: 314 creatures vanquished

Notes
Turn   | Place    | Note
--------------------------------------------------------------
     0 | D:1      | faibistes, the Deep Elf Wizard, began the quest for the Orb.
     0 | D:1      | Reached XP level 1. HP: 10/10 MP: 6/6
   363 | D:1      | Reached XP level 2. HP: 15/15 MP: 1/10
   523 | D:1      | Learned a level 2 spell: Blink
   526 | D:1      | Learned a level 2 spell: Call Imp
  1103 | D:3      | Reached skill level 5 in Spellcasting
  1111 | D:3      | Reached XP level 3. HP: 19/19 MP: 6/14
  1116 | D:3      | Learned a level 3 spell: Conjure Flame
  1120 | D:3      | Learned a level 3 spell: Mephitic Cloud
  1302 | D:2      | Found a radiant altar of Vehumet.
  1418 | D:2      | Noticed Terence
  1647 | D:2      | Killed Terence
  1800 | D:2      | Found a deep blue altar of Sif Muna.
  1803 | D:2      | Became a worshipper of Sif Muna the Loreminder
  1905 | D:2      | Reached XP level 4. HP: 24/24 MP: 15/17
  1909 | D:2      | Learned a level 2 spell: Repel Missiles
  2415 | D:3      | Found a shimmering altar of Xom.
  2417 | D:3      | Noticed an angel
  2418 | D:3      | Found a glowing silver altar of Zin.
  2828 | D:3      | Noticed Natasha
  2837 | D:3      | Killed Natasha
  2837 | D:3      | Reached XP level 5. HP: 28/28 MP: 10/20
  3209 | D:4      | Reached skill level 6 in Spellcasting
  3500 | D:5      | Entered Level 5 of the Dungeon
  3924 | D:4      | Reached XP level 6. HP: 28/32 MP: 16/22
  4374 | D:4      | Noticed an ogre
  4380 | D:4      | Killed an ogre
  4380 | D:4      | Acquired Sif Muna's first power
  4380 | D:4      | Reached skill level 7 in Spellcasting
  4834 | D:5      | Noticed a water moccasin
  4844 | D:5      | Killed a water moccasin
  4844 | D:5      | Reached skill level 1 in Poison Magic
  4844 | D:5      | Reached XP level 7. HP: 36/36 MP: 15/25
  4898 | D:6      | Reached skill level 1 in Fire Magic
  4898 | D:6      | Reached skill level 1 in Air Magic
  5057 | D:5      | Noticed faibistes' ghost (experienced DEWz)
  5289 | D:5      | Killed faibistes' ghost
  5289 | D:5      | Acquired Sif Muna's second power
  5289 | D:5      | Reached skill level 5 in Dodging
  5453 | D:5      | You fall through a shaft for 3 floors!
  5505 | D:8      | Reached XP level 8. HP: 41/41 MP: 17/27
  5686 | D:10     | Entered Level 10 of the Dungeon
  5708 | D:8      | Reached skill level 8 in Spellcasting
  6058 | D:7      | Reached skill level 5 in Conjurations
  6825 | D:6      | Noticed Prince Ribbit
  6842 | D:6      | Killed Prince Ribbit
  7003 | D:5      | Learned a level 2 spell: Shroud of Golubria
  7051 | D:5      | Found a white marble altar of Elyvilon.
  7051 | D:5      | Found a stormy altar of Qazlal.
  7062 | D:5      | Found an opulent altar of Gozag.
  7062 | D:5      | Found a snail-covered altar of Cheibriados.
  7547 | D:5      | Reached XP level 9. HP: 45/45 MP: 20/29
  7665 | D:6      | Reached skill level 9 in Spellcasting
  7665 | D:6      | Reached skill level 1 in Invocations
  7784 | D:6      | Reached skill level 1 in Charms
  8245 | D:7      | Found Qalaog's Armour Shop.
  8246 | D:7      | Found an iron altar of Okawaru.
  8248 | D:7      | Noticed a human
  8248 | D:7      | Noticed a human
  8266 | D:6      | Killed a human
  8377 | D:6      | Killed a human
  8377 | D:6      | Reached skill level 1 in Fighting
  8489 | D:6      | Reached skill level 1 in Evocations
  8579 | D:6      | Acquired Sif Muna's third power
  9332 | D:6      | Found a shadowy altar of Dithmenos.
  9339 | D:6      | Found an ancient bone altar of Kikubaaqudgha.
  9468 | D:7      | Found a staircase to the Ecumenical Temple.
  9477 | Temple   | Entered the Ecumenical Temple
  9848 | D:8      | Noticed a wyvern
  9862 | D:8      | Killed a wyvern
 10807 | D:9      | Reached skill level 10 in Spellcasting
 10807 | D:9      | Reached skill level 5 in Fire Magic
 11364 | D:9      | Found a staircase to the Lair.
 11763 | D:9      | Reached XP level 10. HP: 25/53 MP: 21/31
 12683 | Lair:1   | Entered Level 1 of the Lair of Beasts
 12875 | Lair:1   | Noticed a black mamba
 12881 | Lair:1   | Killed a black mamba
 14025 | Lair:2   | Learned a level 4 spell: Airstrike
 14237 | Lair:1   | Reached skill level 11 in Spellcasting
 14420 | Lair:1   | Received a gift from Sif Muna
 14420 | Lair:1   | Reached skill level 5 in Charms
 14420 | Lair:1   | Reached XP level 11. HP: 57/60 MP: 29/33
 14421 | Lair:1   | Identified Sif Muna's Reference Book on Virous Battle Magic (Sif Muna gifted it to you on level 1 of the Lair of Beasts)
 14428 | Lair:1   | Learned a level 5 spell: Venom Bolt
 14437 | Lair:1   | Learned a level 8 spell: Lehudib's Crystal Spear
 14678 | Lair:3   | Reached skill level 5 in Air Magic
 15080 | Lair:2   | Reached skill level 1 in Earth Magic
 15460 | Lair:2   | Reached skill level 12 in Spellcasting
 15460 | Lair:2   | Reached XP level 12. HP: 64/64 MP: 20/34
 15653 | Lair:3   | Slain by a komodo dragon

Action                   |  1- 3 |  4- 6 |  7- 9 | 10-12 || total
-------------------------+-------+-------+-------+-------++-------
Melee: Unarmed           |    13 |       |       |       ||    13
       Dagger            |    12 |     2 |    15 |   207 ||   236
       Short sword       |       |    13 |    66 |       ||    79
 Cast: Magic Dart        |    71 |   116 |   397 |   136 ||   720
       Call Imp          |     7 |     1 |     2 |       ||    10
       Mephitic Cloud    |     1 |     9 |    37 |    25 ||    72
       Blink             |     1 |     8 |    22 |    16 ||    47
       Conjure Flame     |     1 |     6 |    47 |    21 ||    75
       Repel Missiles    |       |     1 |     1 |       ||     2
       Shroud of Golubri |       |       |     5 |    11 ||    16
       Airstrike         |       |       |       |    20 ||    20
       Venom Bolt        |       |       |       |    11 ||    11
Invok: Channel Energy    |       |       |       |     5 ||     5
Evoke: Wand              |       |       |     1 |     1 ||     2
  Use: Scroll            |       |     2 |    13 |     6 ||    21
       Potion            |       |       |       |     1 ||     1
 Stab: Confused          |       |       |     5 |     4 ||     9
       Sleeping          |       |       |     1 |     2 ||     3
       Paralysed         |       |       |       |     3 ||     3
  Eat: Chunk             |     3 |     9 |    21 |    10 ||    43
       Beef jerky        |       |       |       |     1 ||     1
       Fruit             |       |       |       |     2 ||     2
